[Event "Slovakia Open 2022"]
[Site "Bratislava"]
[Date "2022.10.01"]
[Round "5.15"]
[White "Merva, Frantisek"]
[Black "Meszaros, Casey Ryan"]
[Result "1/2-1/2"]
[ECO "A82"]
[WhiteElo "1981"]
[BlackElo "1925"]
[Annotator "TA"]
[PlyCount "130"]
[EventDate "2022.09.30"]
[EventCountry "SVK"]
[SourceTitle "playchess.com"]
[Source "ChessBase"]
[SourceQuality "1"]
[TimeControl "2700+10"]

1. d4 f5 2. Nc3 Nf6 3. f3 d5 4. e4 dxe4 5. fxe4 fxe4 6. Bc4 Bg4 {[%emt 0:01:29] A82: Dutch Defence: Staunton Gambit.} 7. Nge2 (7. Be2 $5 Be6 8. Bg5 $11) 7... Nc6 8. h3 (8. d5 $11 Na5 9. h3) 8... Bxe2 $17 {[%emt 0:01:16] Black is better.} 9. Nxe2 {[%emt 0:00:08] [#]} Qd6 $146 ({Predecessor:} 9... e5 10. Bg5 exd4 11. O-O Qe7 12. Nxd4 O-O-O 13. Bxf6 gxf6 14. Qg4+ Kb8 15. Ne6 Ne5 16. Qxe4 {½-½ (29) Maris,I (2178)-Beukema,S (2305) Dieren 2014}) 10. O-O O-O-O 11. Be3 e5 12. c3 Nd5 13. Bxd5 Qxd5 14. Qa4 exd4 (14... Bd6 $17) 15. cxd4 $15 Qa5 16. Qxa5 Nxa5 17. Rac1 {[%emt 0:00:09] Prevents Nc4.} Nc6 18. a3 (18. Rf7 $11 {keeps the balance.}) 18... Bd6 $17 19. Rf7 Rd7 20. Rf5 ({White should try} 20. Rcf1 $15) 20... g6 21. Rff1 Rhd8 22. Nc3 a6 23. Nxe4 Re8 24. Nxd6+ Rxd6 25. Bh6 (25. Rce1 $142) 25... Nxd4 {[%emt 0:01:08] [#] Threatens to win with ...Ne2+.} 26. Kh2 Nc6 27. Rf7 Rd7 28. Rf2 Rde7 29. Rc3 Re2 ({Better is} 29... Nd4 $17) 30. Rf7 $11 R2e7 ({Black should play} 30... Rxb2 $15 31. Rxh7 Rbe2) 31. Rf2 $1 $17 Nd4 32. Bf8 Rd7 $36 {[%emt 0:01:59][%mdl 2048] Black is in control.} 33. Bh6 Nf5 34. Bf4 c6 35. b4 Nd4 36. Bh6 Nb5 37. Rcf3 Nc7 38. Bf8 (38. Rf8 $15) 38... Ne6 39. Bh6 Kb8 40. Be3 (40. Re3 $15 Kc7 41. Re5) 40... Kc7 41. a4 Nd4 42. Bf4+ Kc8 43. Rd3 Ne2 44. Bd6 (44. Re3 $142 Rxe3 45. Bxe3) 44... Red8 45. Rxe2 Rxd6 {[%emt 0:00:02][%mdl 4096] Endgame KRR-KRR} 46. Rb3 Rd3 47. Rbb2 R8d7 48. a5 Kc7 49. Re4 (49. Re8 $17 {might work better.}) 49... R3d4 $19 50. Re6 R4d5 (50... Rf7 $19 51. Re8 Kd7) 51. Re4 $17 Rb5 52. Rc2 h5 53. Rcc4 Rf5 54. Re6 g5 55. Rg6 {[%emt 0:00:14] [#]} Rf4 (55... h4 $1 $17 56. Re4 c5) 56. Rc5 (56. Rxf4 $15 gxf4 57. h4) 56... Rxb4 57. Rgxg5 (57. Rcxg5 $17 {keeps fighting.} h4 58. Rh5) 57... h4 58. Rg4 (58. Rc1 $142) 58... Rxg4 $19 59. hxg4 {[%emt 0:00:01] KR-KR} b6 60. Rh5 (60. axb6+ Kxb6 61. Rc1) 60... bxa5 {[%emt 0:00:00] And now ...Kb6 would win.} 61. Rxa5 Kb6 62. Ra1 a5 (62... c5 $142 {...c4 is the strong threat.} 63. Rb1+ Kc6) 63. Kh3 (63. g3 $17 {is a better defense.} hxg3+ 64. Kxg3) 63... Rh7 $2 (63... c5 $19 {White must now prevent ...c4.} 64. g5 c4) 64. g5 $11 c5 {[%emt 0:00:17] Hoping for ...c4.} 65. Kg4 Rd7 {[%emt 0:00:13] Weighted Error Value: White=0.24 (precise) /Black=0.22 (precise)} 1/2-1/2

[Event "Slovakia Open 2022"]
[Site "Bratislava"]
[Date "2022.10.01"]
[Round "5.16"]
[White "Kucera, Michal"]
[Black "Roshka, Yevgeniy"]
[Result "0-1"]
[ECO "C07"]
[WhiteElo "1927"]
[BlackElo "2497"]
[Annotator "TA"]
[PlyCount "48"]
[EventDate "2022.09.30"]
[EventCountry "SVK"]
[SourceTitle "playchess.com"]
[Source "ChessBase"]
[SourceQuality "1"]
[TimeControl "2700+10"]

1. e4 e6 2. d4 d5 3. Nd2 c5 4. exd5 Qxd5 5. Ngf3 cxd4 6. Bc4 Qd7 {[%emt 0:00:07] C07: French Tarrasch: 3...c5, 4 Ngf3 and 4 exd5 Qxd5.} 7. O-O {[%emt 0:00:18][%mdl 1024] White has compensation.} Nc6 8. Qe2 a6 {[%emt 0:00:06] The position is equal.} 9. a4 Nf6 10. Nb3 Bd6 11. Bg5 Qc7 12. Rad1 Bd7 {[%emt 0:01:06] [#]} 13. Rfe1 $146 ({Predecessor:} 13. Nbxd4 O-O 14. c3 Na5 15. Bd3 Nd5 16. Qe4 f5 17. Qh4 Rae8 18. Bb1 Ne7 19. Rfe1 {1-0 (44) McKenzie,C (2296)-Jenkinson,S (2215) ICCF email 2013}) 13... h6 14. Bxf6 gxf6 15. Nbxd4 {[%emt 0:00:51][%cal Rc4e6] [#] Strongly threatening Bxe6!} O-O-O 16. g3 h5 (16... Kb8 $15) 17. Nxc6 (17. Bb5 $1 $11) 17... Bxc6 $15 18. Nd4 f5 19. Nxc6 Qxc6 20. Rd4 {[%emt 0:00:56] [#] This costs White the game.} (20. Rd3 $11 {and White has nothing to worry.}) 20... h4 $1 $19 {[%emt 0:01:55][%cal Bh5h4,Bh4g3][%mdl 32] White must now prevent ...hxg3.} 21. Bxe6+ fxe6 22. Rc4 Bc5 {[%emt 0:00:29] ( -> ...hxg3)} 23. b4 $2 (23. Qxe6+ $19 Qxe6 24. Rxe6) 23... hxg3 24. Qxe6+ Qxe6 {[%emt 0:00:04] Weighted Error Value: White=0.43/Black=0.10 (very precise)} 0-1

[Event "Slovakia Open 2022"]
[Site "Bratislava"]
[Date "2022.10.01"]
[Round "5.17"]
[White "Kijac, Miroslav"]
[Black "Balint, Peter"]
[Result "1/2-1/2"]
[ECO "A31"]
[WhiteElo "2078"]
[BlackElo "2235"]
[Annotator "TA"]
[PlyCount "128"]
[EventDate "2022.09.30"]
[EventCountry "SVK"]
[SourceTitle "playchess.com"]
[Source "ChessBase"]
[SourceQuality "1"]
[TimeControl "2700+10"]

1. d4 Nf6 2. Nf3 e6 3. c4 c5 4. Nc3 cxd4 5. Nxd4 a6 6. e4 d6 7. Be2 Be7 8. Be3 O-O 9. Rc1 Nbd7 10. O-O Qc7 11. Qd2 b6 12. Rfd1 Bb7 13. f3 Rac8 14. Bf1 Rfd8 15. Qf2 Qb8 16. Nb3 {[%emt 0:01:59] A31: Symmetrical English: 2 Nf3 Nf6 3 d4.} Ba8 {[%emt 0:00:46] [#]} 17. Na4 $146 ({Predecessor:} 17. Kh1 h6 18. Rc2 Qc7 19. Nd4 Rb8 20. h3 Nf8 21. Na4 N6d7 22. b4 Ng6 23. Rdc1 Rdc8 {1-0 (60) Karwatt,L (2155)-Wagner,R (2184) Germany 2006}) 17... Nc5 18. Nbxc5 {[%emt 0:00:35] The position is equal.} dxc5 19. Nc3 Bd6 20. g3 Be5 21. Qc2 Qc7 22. Ne2 h6 23. Bg2 Qc6 24. Kh1 Kh8 25. Bg1 Bb8 26. Nc3 g5 27. Rxd8+ Rxd8 28. Rd1 Rxd1 29. Qxd1 Qd7 {[%emt 0:00:52] Against Qd8+} 30. Qxd7 Nxd7 31. Be3 Ne5 32. b3 Kg7 33. Kg1 Nd3 34. Kf1 Be5 35. Bd2 Kg6 (35... Bxc3 $5 36. Bxc3+ f6 $11) 36. Ke2 Nb4 37. Na4 Bc7 38. Nc3 Bc6 39. a4 (39. a3 $11 {keeps the balance.} Nc2 40. Kd3) 39... Nc2 $1 $17 40. f4 Nd4+ 41. Kd3 Nxb3 42. Be3 gxf4 43. gxf4 Nd4 44. Bh3 (44. h3 $17 {was called for.}) 44... Nf3 (44... Kh5 $19 45. Bxd4 cxd4) 45. f5+ exf5 (45... Kf6 $19 {and Black stays clearly on top. Strongly threatening ...h5.} 46. Bxh6 Ne5+ 47. Kc2 Nxc4) 46. Bxf5+ Kg7 {[%emt 0:00:38] Threatens to win with ...Ne5+.} 47. Nd5 Bxd5 ({Black should play} 47... Bd8 $15 48. a5 b5 49. Bxc5 Ne5+ 50. Ke2 Nxc4 51. Bd4+ Kf8) 48. exd5 Bxh2 $15 {[%emt 0:00:54][%mdl 4096] Endgame KBB-KBN} 49. a5 $1 Bc7 50. Bc8 Ne5+ 51. Kc3 $1 h5 52. Bxa6 h4 53. Bc8 {[%emt 0:00:02] This bishop pair is nice.} bxa5 {[%emt 0:00:08] White must now prevent ...Bd6.} 54. Bxc5 Kg6 $1 55. Be7 {[%emt 0:00:31][%mdl 1024] c5 is the strong threat. White has compensation.} f6 56. d6 Bb6 57. d7 Nc6 {[%emt 0:00:02] Against d8Q} 58. Bd6 {[%emt 0:00:25] Hoping for c5.} h3 $2 {[%emt 0:00:08] [#]} (58... Kf7 $11) 59. c5 $4 {[%emt 0:00:18][%mdl 8192] [#]} (59. Bb7 $1 $18 {[%cal Rb7c6] is the narrow road to win.} Ne5 60. c5 Nxd7 61. cxb6 Nxb6 62. Bc7 Na4+ 63. Kd4) 59... Bd8 $4 (59... Bxc5 $1 $19 60. Bf4 (60. Bxc5 $2 h2 $19) 60... a4) 60. Bb7 $18 Ne5 61. c6 {[%emt 0:00:18] aiming for c7.} h2 $2 (61... Kf5 {was worth a try.}) 62. c7 {[%emt 0:00:05] White is winning.} Bxc7 63. Bxc7 Nxd7 64. Bxh2 Nc5 {[%emt 0:00:03][%mdl 32768] Never resign too early!  Weighted Error Value: White=0.30/Black=0.36. An unexpected result.} 1/2-1/2

[Event "Slovakia Open 2022"]
[Site "Bratislava"]
[Date "2022.10.01"]
[Round "5.18"]
[White "Bombek, Peter"]
[Black "Melih, Mario"]
[Result "1-0"]
[ECO "D36"]
[WhiteElo "2083"]
[BlackElo "1633"]
[Annotator "TA"]
[PlyCount "61"]
[EventDate "2022.09.30"]
[EventCountry "SVK"]
[SourceTitle "playchess.com"]
[Source "ChessBase"]
[SourceQuality "1"]
[TimeControl "2700+10"]

1. d4 d5 2. c4 e6 3. Nc3 Nf6 4. cxd5 exd5 5. Bg5 Be7 6. e3 Nbd7 7. Bd3 c6 8. Qc2 h6 9. Bh4 O-O 10. Nf3 Re8 11. O-O Nf8 12. Rab1 Be6 13. b4 {[%emt 0:00:20] D36: Queen's Gambit Declined: Exchange Variation: Main line (5 Bg5 c6 6 Qc2).} (13. Ne5 {with more complications.} N8d7 14. f4 Ng4 15. Bxe7 Qxe7 16. Rbe1) 13... Rc8 14. Rfc1 g5 15. Bg3 {[%emt 0:00:17] White is slightly better.} Nh5 {[%emt 0:03:37] [#]} 16. Qd2 $146 ({Predecessor:} 16. Na4 Nxg3 17. hxg3 Rc7 18. Nc5 Bc8 19. Qa4 a6 20. Qb3 g4 21. Nh2 h5 22. Nf1 {0-1 (32) Hoang,N (2341)-Dao,T (2545) Hanoi 1995}) 16... Nxg3 17. hxg3 Bd6 18. b5 f5 ({Black should play} 18... c5 $14) 19. bxc6 bxc6 20. Rb7 {[%emt 0:02:56] Against Qe7. White is more active.} Rc7 {[%emt 0:00:47] [#] A mistake that costs the game.} (20... Re7 $16 21. Rbb1 Rf7) 21. Rxc7 $1 $18 Bxc7 {[%emt 0:00:24] [#]} 22. Na4 $1 Bd7 23. Nc5 {[%emt 0:03:00] Pair of Knights!} f4 $2 (23... Re7 24. Qc2 f4) 24. exf4 ({But not} 24. gxf4 gxf4 25. exf4 Ne6 $18) 24... gxf4 25. Nxd7 Nxd7 26. gxf4 {[%emt 0:01:17] White is clearly winning.} c5 27. dxc5 {[%emt 0:03:33] Strongly threatening Bb5.} Qf6 28. g3 Nf8 29. Bb5 Rd8 30. Re1 Ne6 31. Qe3 {[%emt 0:01:44] Weighted Error Value: White=0.07 (flawless) /Black=0.42} 1-0

[Event "Slovakia Open 2022"]
[Site "Bratislava"]
[Date "2022.10.01"]
[Round "5.19"]
[White "Tomcikova, Zuzana"]
[Black "Chlpek, Daniel"]
[Result "1/2-1/2"]
[ECO "A08"]
[WhiteElo "1796"]
[BlackElo "2020"]
[Annotator "TA"]
[PlyCount "63"]
[EventDate "2022.09.30"]
[EventCountry "SVK"]
[SourceTitle "playchess.com"]
[Source "ChessBase"]
[SourceQuality "1"]
[TimeControl "2700+10"]

1. Nf3 c5 2. g3 Nc6 3. Bg2 g6 4. O-O Bg7 5. d3 d5 6. Nbd2 e5 {[%emt 0:00:12] A08: King's Indian Attack.} 7. e4 {[%emt 0:00:14] [#] Threatens to win with exd5.} (7. c4 $5 ) 7... d4 8. a4 Nf6 (8... Nge7 $142) 9. Nc4 $11 Qc7 10. Re1 O-O 11. Nh4 (11. c3 $11) 11... Be6 (11... Bg4 $5 12. Qd2 Nd7 $11) 12. b3 a6 13. f4 b5 {[%emt 0:00:41] [#] Hoping for ...Bg4.} 14. Nb2 $146 (14. Nxe5 $11 {remains equal.} Nxe5 15. fxe5) ({Predecessor:} 14. Nxe5 Nxe5 15. fxe5 Ng4 16. Nf3 Nxe5 17. Nxe5 Bxe5 18. Bh6 Rfe8 19. Qd2 c4 20. axb5 axb5 21. bxc4 bxc4 {0-1 (45) Crockett,M-Galant,S (2190) Oklahoma 2003}) 14... exf4 $17 15. Bxf4 Ne5 (15... Qd7 $17) 16. Nf3 Nfd7 17. Ng5 h6 18. Nxe6 fxe6 19. Bh3 Qd6 20. Rf1 g5 21. Bxe5 Nxe5 ({Don't take} 21... Bxe5 22. Qh5 Kh7 23. axb5 axb5 24. Rxa8 Rxa8 25. Qf7+ Bg7 26. Bxe6 $16) 22. Qe2 Qe7 23. Rxf8+ Rxf8 24. axb5 axb5 25. Ra6 Rf6 26. Ra5 (26. Bg4 $11) 26... Qe8 (26... h5 $17 27. Rxb5 (27. Qxh5 $2 Rh6 $19) 27... g4) 27. Bg4 $15 {[%emt 0:07:58] Inhibits Nf3+.} Bf8 (27... Nxg4 $15 28. Qxg4 h5) 28. Nd1 (28. Bh5 $5 Qb8 29. Nd1 $11) 28... Bd6 (28... Nxg4 $11 29. Qxg4 c4) 29. Nf2 $14 b4 30. Bh5 Qf8 31. Ng4 Nxg4 32. Bxg4 {[%emt 0:00:07] Weighted Error Value: White=0.19 (very precise) /Black=0.25 (precise)} 1/2-1/2

[Event "Slovakia Open 2022"]
[Site "Bratislava"]
[Date "2022.10.01"]
[Round "5.20"]
[White "Migalko, Dmitriy"]
[Black "Panko, Radoslav"]
[Result "0-1"]
[ECO "C01"]
[WhiteElo "1528"]
[BlackElo "1996"]
[Annotator "TA"]
[PlyCount "70"]
[EventDate "2022.09.30"]
[EventCountry "SVK"]
[SourceTitle "playchess.com"]
[Source "ChessBase"]
[SourceQuality "1"]
[TimeControl "2700+10"]

1. d4 e6 2. e4 d5 3. exd5 exd5 4. c4 Nf6 5. Nc3 Be7 6. Bg5 Nbd7 {[%emt 0:00:57] C01: French: Exchange Variation.} 7. Nf3 O-O 8. cxd5 {[%emt 0:00:41] [#]} Nxd5 $146 {[%emt 0:00:13] The position is equal.} ({Predecessor:} 8... Nb6 9. Bxf6 Bxf6 10. Qb3 Re8+ 11. Be2 Bg4 12. O-O Bxf3 13. Bxf3 Bxd4 14. Rad1 Be5 {½-½ (30) Lochte,T (2070)-De Francesco,K (2252) Caleta 2017}) 9. Nxd5 (9. Bd2 $5 N7f6 10. Bc4 $11) 9... Bxg5 10. Be2 Bh6 11. O-O Nb6 (11... c6 $5 12. Ne3 Nb6 $11) 12. Nxb6 axb6 13. Ne5 Be6 14. a3 c6 15. f4 Bd5 (15... g6 $17 16. Bc4 Bxc4 17. Nxc4 Bg7) 16. Ng4 $15 Qd6 17. f5 (17. g3 $11 {keeps the balance.}) 17... Bf4 {[%emt 0:00:24] Black is more active.} 18. Qd3 Rfe8 19. g3 {[%emt 0:02:45] [#]} (19. Bf3 $17 {is a better defense.}) 19... Bxg3 $1 $19 {[%emt 0:00:22][%mdl 512] A strong pair of Bishops.} 20. Bf3 ({Don't go for} 20. hxg3 $2 Rxe2 $1 21. Rf2 Re4 $19) 20... Bh4 21. f6 Bxf6 ({Worse is} 21... gxf6 22. Nh6+ Kh8 23. Nf5 $11) (21... Qf4 22. Ne5 Rxe5 23. dxe5 $17) (21... g6 $19 {White must now prevent ...Bxf3.} 22. Rad1 Bg5 23. Bxd5 Qxd5) 22. Bxd5 $15 cxd5 $4 {[%emt 0:03:26][%mdl 8192] [#]} (22... Qxd5 $17 {and life is bright.} 23. Rxf6 Qg5) 23. Nxf6+ ({Only move:} 23. Rxf6 $1 $18 Re6 24. Rf3) 23... gxf6 24. Rf3 ({White should try} 24. Rf5 $15) 24... Kh8 $17 25. Raf1 Rg8+ 26. Kh1 Rg6 27. Rf5 Qe6 (27... Kg7 $19 28. Qf3 Rd8) 28. Qf3 {[%emt 0:01:34][%csl LRd5,LRf6] [#]} Kg7 $1 29. Rxd5 (29. h4 $17) 29... Rc8 $19 30. Rh5 Rc2 31. Qxb7 $2 (31. b3 $19) 31... Rxb2 (31... Qe2 $142 32. Rxh7+ Kxh7 33. Qxf7+ Rg7 34. Qxg7+ Kxg7 35. Rg1+ Kf7 36. Rg7+ Kxg7 37. h4 Qh2#) 32. h4 Qa2 {[%emt 0:00:16][%csl Ga2][%cal Rb2h2] Black mates.} 33. Rg5 fxg5 34. h5 Rf6 35. Rxf6 Rb1+ {[%emt 0:00:05] Weighted Error Value: White=0.63/Black=0.44} 0-1

[Event "Slovakia Open 2022"]
[Site "Bratislava"]
[Date "2022.10.01"]
[Round "5.21"]
[White "Mandak, Miroslav"]
[Black "Shykhnenko, Hryhorii"]
[Result "1-0"]
[ECO "C50"]
[WhiteElo "1864"]
[BlackElo "1317"]
[Annotator "NA RC COMBH"]
[PlyCount "61"]
[EventDate "2022.09.30"]
[EventCountry "SVK"]
[SourceTitle "playchess.com"]
[Source "ChessBase"]
[SourceQuality "1"]
[TimeControl "2700+10"]

1. e4 e5 2. Nf3 Nf6 3. Nc3 Nc6 4. Bc4 Bc5 5. O-O d6 6. h3 O-O 7. Re1 Re8 8. d3 h6 9. a3 Be6 10. Nd5 a6 11. b4 Ba7 12. Bb3 Bxd5 13. exd5 Ne7 14. c4 c6 15. dxc6 Nxc6 16. Bb2 e4 17. Bxf6 Qxf6 18. dxe4 Ne5 19. Qe2 Ng6 20. g3 Rac8 21. Kg2 Re7 22. Rad1 Rce8 23. Qc2 Bb8 24. Rd5 Re6 25. c5 dxc5 26. Rf5 Qe7 27. Bxe6 Qxe6 28. Rxc5 Bd6 29. Rc4 h5 30. Rd4 h4 31. Qd2 1-0

[Event "Slovakia Open 2022"]
[Site "Bratislava"]
[Date "2022.10.01"]
[Round "5.22"]
[White "Park, Seonjae"]
[Black "Mizicka, Matus"]
[Result "0-1"]
[ECO "A51"]
[WhiteElo "1704"]
[BlackElo "1975"]
[Annotator "TA"]
[PlyCount "66"]
[EventDate "2022.09.30"]
[EventCountry "SVK"]
[SourceTitle "playchess.com"]
[Source "ChessBase"]
[SourceQuality "1"]
[TimeControl "2700+10"]

1. d4 Nf6 2. c4 e5 3. dxe5 Ne4 4. Nf3 d6 5. exd6 Bxd6 {[%emt 0:00:01][%cal Oe4f2] White must now prevent ...Nxf2!} 6. Nbd2 {[%emt 0:00:46] [#] A51: Budapest Gambit, Fajarowicz Variation.} Nxd2 $146 ({Predecessor:} 6... Nc5 7. e3 Bf5 8. Nb3 Nbd7 9. Nbd4 Qf6 10. b4 Ne4 11. c5 Be5 12. Bb2 g5 {0-1 (57) Baturina,M (1704)-Trzebinski,P (1557) Bratislava 2019}) 7. Bxd2 ({Reject} 7. Qxd2 Nc6 8. Qc2 O-O $11) 7... Bf5 8. e3 {[%emt 0:01:06] White is better.} Nc6 9. Bc3 Rg8 {[%emt 0:00:10] [#]} (9... Qd7 $16 {keeps fighting.}) 10. a3 (10. Qb3 $1 $18 {c5 is the strong threat.} Rb8 11. O-O-O) 10... Qe7 $16 11. Bd3 Bxd3 12. Qxd3 O-O-O 13. O-O-O g6 14. Qc2 f5 15. Kb1 Qf7 16. Bd4 g5 17. c5 Be7 18. Ne5 Nxe5 19. Bxe5 Qe6 20. Bd4 (20. f4 {with more complications.} h5 21. Rxd8+ Rxd8 22. Rd1) 20... Rgf8 21. Rhe1 Qc6 22. f3 Kb8 23. b4 h6 24. Bc3 (24. e4 $16) 24... Qe6 ({Better is} 24... g4 $14) 25. Bb2 (25. Rxd8+ $16 Rxd8 26. e4) 25... g4 26. f4 Rxd1+ 27. Qxd1 Rd8 28. Qc2 a5 29. Bd4 $2 {[%emt 0:03:05][%mdl 8192] Now White is beyond hope.} ({Much worse is} 29. bxa5 Rd5 $11) (29. e4 $14) 29... Rxd4 $1 $19 {[%emt 0:00:23][%mdl 64] [#] Pin} 30. Qc3 Qe4+ 31. Ka2 Rd3 {[%emt 0:00:33] Black mates.} 32. Qh8+ Ka7 33. Qxh6 Qc4+ {[%emt 0:00:25] Weighted Error Value: White=0.74/Black=0.12 (very precise)} 0-1

[Event "Slovakia Open 2022"]
[Site "Bratislava"]
[Date "2022.10.01"]
[Round "5.23"]
[White "Nemsak, Denis"]
[Black "Pasti, Zsombor"]
[Result "1-0"]
[ECO "A29"]
[WhiteElo "2012"]
[BlackElo "1884"]
[Annotator "TA"]
[PlyCount "77"]
[EventDate "2022.09.30"]
[EventCountry "SVK"]
[SourceTitle "playchess.com"]
[Source "ChessBase"]
[SourceQuality "1"]
[TimeControl "2700+10"]

1. c4 e5 2. Nc3 Nf6 3. g3 d5 4. cxd5 Nxd5 5. Bg2 Be6 6. Nf3 Nc6 7. O-O Be7 8. d4 exd4 {[%emt 0:00:08] The main line 8...exd4 scores better than 8...Nxc3.} 9. Nxd4 {[%emt 0:00:05] And now Bxd5 would win.} (9. Nb5 {seems wilder.} Qd7 10. Nbxd4 Nxd4 11. Nxd4 c6 12. e4) 9... Nxd4 {[%emt 0:00:32] A29: English Opening: Four Knights Variation with 4 g3.} 10. Bxd5 Nxe2+ (10... c6 $16 {might work better.}) 11. Qxe2 $18 Bxd5 {[%emt 0:00:03] White has a decisive advantage.} 12. Nxd5 ({Less strong is} 12. Rd1 c6 $16) ({White should try} 12. Qe5 $18 Bf3 13. Qxg7) 12... Qxd5 $16 13. Re1 {[%emt 0:05:06][%csl Ge1][%cal Re2e7] [#]} Qd7 $146 {[%emt 0:03:39][%mdl 8192] This move loses the game for Black.} (13... Qe6 $16) ({Predecessor:} 13... Qe6 14. Qxe6 fxe6 15. Rxe6 Kf7 16. Re2 Rhe8 {0-1 (16) Yamato,S-Rosek,H DESC email 2000}) 14. Bg5 $1 $18 O-O 15. Qxe7 Qb5 16. Bf4 Qxb2 17. Qxc7 Rac8 18. Qa5 b6 19. Qxa7 Ra8 20. Qe7 h6 21. Be5 Qc2 22. Qc7 Qd2 23. Bc3 Qc2 24. Qe5 Qg6 25. Qe4 Qg5 26. h4 Qh5 27. Qe5 Qg4 28. Re4 Qg6 29. h5 Qh7 30. Rg4 f6 31. Qe6+ Kh8 32. Re1 Qc2 {[%emt 0:01:07] [#]} 33. Qe7 $1 {[%emt 0:01:09][%csl Gg4][%cal Re7g7] White mates.} Qh7 34. Re6 Rac8 35. Rg6 b5 {[%emt 0:03:18] [#]} 36. Rexf6 $1 Rg8 37. Rf3 Rce8 38. Bxg7+ Qxg7 39. Rxg7 {[%emt 0:00:02] Weighted Error Value: White=0.29 (precise) /Black=0.63} 1-0

[Event "Slovakia Open 2022"]
[Site "Bratislava"]
[Date "2022.10.01"]
[Round "5.24"]
[White "Djubek, Boris"]
[Black "Matejka, Simon"]
[Result "1-0"]
[ECO "D37"]
[WhiteElo "1995"]
[BlackElo "1422"]
[Annotator "TA"]
[PlyCount "94"]
[EventDate "2022.09.30"]
[EventCountry "SVK"]
[SourceTitle "playchess.com"]
[Source "ChessBase"]
[SourceQuality "1"]
[TimeControl "2700+10"]

1. d4 d5 2. c4 e6 3. Nc3 Nf6 4. Nf3 Be7 5. Bf4 O-O 6. e3 c6 7. a3 Nbd7 {[%emt 0:00:41] D37: Queen's Gambit Declined: 5 Bf4.} 8. cxd5 (8. Qc2 {seems wilder.} Nh5 9. Be5 b6 10. Bd3) 8... exd5 9. Bd3 b5 (9... Nh5 $11) 10. h3 a6 {[%emt 0:00:25] [#]} 11. O-O $146 ({Predecessor:} 11. Bh2 Re8 12. O-O Nf8 13. Qc2 Bd6 14. Rac1 Bxh2+ 15. Nxh2 Kh8 16. Ne2 Qe7 17. Ng3 Ng6 18. Nf3 Bd7 19. Bf5 Qd8 20. Bxg6 fxg6 21. Ng5 {½-½ (21) Rahmani,B (1722)-Yussof,P (2062) Amman 2014}) 11... c5 12. Ne5 Bb7 {[%emt 0:01:54] Prevents Nc6.} 13. Bf5 Re8 14. Rc1 c4 15. g4 (15. Qf3 $11) 15... Nxe5 16. dxe5 Ne4 (16... Nd7 $5 ) 17. e6 $2 {[%emt 0:01:13] [#]} (17. Nxe4 $1 $11 dxe4 18. Bd7) 17... fxe6 (17... Nxc3 $1 $19 18. exf7+ (18. Rxc3 $2 g6 $19) 18... Kxf7 19. bxc3 (19. Rxc3 $2 g6 $19) 19... g6) 18. Bxe6+ $15 Kh8 19. Bf5 $2 ({Don't go for} 19. Nxd5 $2 Bd6 20. Bf5 Ng5 21. Bxg5 Qxg5 $17) (19. Nxe4 $1 $11 dxe4 20. Qd7) 19... Nxc3 20. Rxc3 Bf6 {[%emt 0:00:44] Against Be5. ...g6 is the strong threat.} 21. Bb1 (21. g5 $17 Bxg5 22. Qh5) 21... Bxc3 (21... d4 $19 {has better winning chances.} 22. exd4 Bxd4) 22. bxc3 $17 g5 $2 ({Black should play} 22... Qe7 $17 23. a4 Kg8 24. axb5 axb5) 23. Qc2 Qd7 24. Bxg5 Re4 $2 {[%emt 0:01:24] [#] White now steadily converts the win.} (24... Kg8 $11 {and Black stays safe.}) 25. f3 $1 $18 {[%emt 0:02:14][%mdl 1024] White has strong compensation.} Re6 26. Qf5 {[%emt 0:01:41] Hoping for Bf6+.} Rc8 (26... Kg8 $142) 27. Bf6+ Kg8 28. Qg5+ (28. Bg7 Qxg7 29. Qxe6+ Kh8 $16) 28... Kf8 29. Bf5 {[%emt 0:01:06] aiming for Qh6+. Dancing on a razor blade.} Qd6 $2 (29... Rc7 30. f4 Qf7) 30. Qg7+ Ke8 31. Qg8+ {[%emt 0:00:17][%mdl 64] Pin} ({Worse is} 31. Qxb7 Qg3+ 32. Kh1 Qxh3+ 33. Kg1 Qg3+ 34. Kh1 Qh3+ 35. Kg1 Qg3+ 36. Kh1 Qh3+ $11) 31... Kd7 32. Qf7+ {[%emt 0:00:09][%mdl 64] Pin, Deflection} (32. Qxe6+ Qxe6 33. Bxe6+ Kxe6 $18) 32... Kc6 33. Qxe6 ({Weaker is} 33. Bxe6 Qg3+ 34. Kh1 Qxh3+ 35. Kg1 Qg3+ 36. Kh1 Qh3+ 37. Kg1 Qg3+ 38. Kh1 Qh3+ $11) 33... Qxe6 34. Bxe6 {[%emt 0:00:02] This bishop pair is nice.} Re8 35. Bf5 Rxe3 36. Bxh7 Kc7 37. Bd4 Re2 38. Rf2 Re1+ 39. Rf1 Re2 40. Bb1 a5 41. h4 Rd2 42. h5 {[%emt 0:00:13] And now h6 would win.} b4 43. axb4 axb4 44. h6 {[%emt 0:00:08] Threatening mate with h7.} bxc3 45. Bxc3 (45. Be5+ $142 Kb6 46. h7 c2 47. h8=Q d4 48. Qh6+ Ka5 49. Qxd2+ Kb5 50. Bxc2) 45... Re2 {[%emt 0:00:06] White is clearly winning.} 46. h7 Re8 47. h8=Q Re2 {[%emt 0:00:08] Weighted Error Value: White=0.58/Black=0.64} 1-0